Santa Cruz Tiger Sharks vs Cape Breton Oilers
Created - Friday, April 7, 2023 at 07:30
Goals
|
| Santa Cruz Tiger Sharks |
0 |
0 |
3 |
3 |
| Cape Breton Oilers |
1 |
0 |
1 |
2 |
|
Shots
|
| Santa Cruz Tiger Sharks |
10 |
20 |
14 |
44 |
| Cape Breton Oilers |
9 |
5 |
12 |
26 |
|
1st period
1. Cape Breton Oilers , Jack McBain 10 (Parker Kelly 5, Carl Grundstrom 12) at 5:21 (PP)
Penalties :
Michael McLeod (SCS) for Roughing (Minor) at 5:09, Juuso Valimaki (CBO) for High sticking (Minor) at 5:43, Carter Hart (SCS) for Delaying the game (Minor) at 12:06 - Kieffer Bellows served the penalty, Carl Grundstrom (CBO) for Tripping (Minor) at 19:40
2nd period
No Goal
Penalties :
Egor Afanasyev (CBO) for Holding (Minor) at 8:19
3rd period
2. Santa Cruz Tiger Sharks , Tobias Bjornfot 3 (Evgeny Svechnikov 3, Michael McLeod 13) at 2:35
3. Santa Cruz Tiger Sharks , Evgeny Svechnikov 1 (David Gustafsson 4, Alexander Volkov 6) at 9:23
4. Santa Cruz Tiger Sharks , Zach Sanford 8 (Michael McLeod 14, Jesper Boqvist 17) at 9:34 (PP)
5. Cape Breton Oilers , Vladislav Kolyachonok 1 (Kevin Bahl 6, Hudson Fasching 6) at 17:33 (PP)
Penalties :
Parker Kelly (CBO) for Roughing (Minor) at 6:53, Juuso Valimaki (CBO) for Roughing (Minor) at 9:28, Philip Broberg (CBO) for Hooking (Minor) at 15:30, Michael McLeod (SCS) for Unsportsmanlike conduct (Minor) at 16:16, Jack McBain (CBO) for Hooking (Minor) at 17:55
Goalie Stats
Carter Hart (SCS), 24 saves from 26 shots - (0.923), W, 7-5-1, 60:00 minutes
Jack LaFontaine (CBO), 41 saves from 44 shots - (0.932), L, 1-2-0, 60:00 minutes
Players Stats for Santa Cruz Tiger Sharks
Player Name G A P +/- PIM S H SB GA TA FO MP PP MP PK MP
------------------------------------------------------------------------------------
Alexander Volkov 0 1 1 2 0 0 2 1 1 0 1/1 7:45 0:00 0:05
Austin Strand 0 0 0 0 0 0 2 1 1 0 0/0 23:40 5:42 1:08
Calle Rosen 0 0 0 0 0 6 1 0 0 0 0/0 23:03 5:05 1:07
Carter Rowney 0 0 0 0 0 2 1 0 0 1 0/0 12:44 0:00 0:00
David Gustafsson 0 1 1 2 0 1 2 0 0 0 0/0 7:19 0:00 0:00
Evgeny Svechnikov 1 1 2 2 0 2 1 0 0 0 0/0 7:19 0:00 0:00
Hunter Drew 0 0 0 2 0 0 2 0 0 0 0/0 13:17 0:00 0:00
Jack Roslovic 0 0 0 0 0 4 4 0 1 1 15/24 20:10 5:28 1:12
Jesper Boqvist 0 1 1 0 0 3 1 0 4 0 0/1 17:54 5:19 0:00
Kailer Yamamoto 0 0 0 0 0 5 2 0 3 0 0/1 20:10 5:28 1:12
Kevin Rooney 0 0 0 0 0 2 0 0 0 0 4/6 13:11 0:00 0:04
Kieffer Bellows 0 0 0 0 0 8 2 0 1 0 1/1 12:53 0:00 0:00
Kristians Rubins 0 0 0 0 0 0 7 1 0 0 0/0 23:03 5:05 1:07
Michael McLeod 0 2 2 0 4 1 0 3 0 0 15/20 18:46 5:18 0:54
Sean Day 0 0 0 0 0 1 0 0 0 1 0/0 23:40 5:42 1:08
Tobias Bjornfot 1 0 1 2 0 3 1 0 0 1 0/0 13:17 0:00 0:00
Travis Boyd 0 0 0 0 0 3 2 0 2 0 2/2 20:01 5:28 0:58
Zach Sanford 1 0 1 0 0 3 0 0 0 0 0/0 18:18 5:19 0:05
Players Stats for Cape Breton Oilers
Player Name G A P +/- PIM S H SB GA TA FO MP PP MP PK MP
------------------------------------------------------------------------------------
Alexey Toropchenko 0 0 0 -1 0 4 0 0 0 0 0/0 18:33 0:51 2:18
Carl Grundstrom 0 1 1 0 2 3 5 0 0 0 0/0 20:00 1:11 3:24
Dylan McIlrath 0 0 0 0 0 0 0 0 0 1 0/0 7:00 0:00 0:55
Egor Afanasyev 0 0 0 -1 2 0 3 0 0 2 2/14 18:25 0:51 2:11
Hudson Fasching 0 1 1 0 0 7 1 1 1 3 0/0 12:51 0:13 0:03
J.D. Greenway 0 0 0 0 0 0 1 0 0 0 0/0 6:04 0:00 0:00
Jack McBain 1 0 1 0 2 2 2 1 2 0 13/32 24:19 1:11 4:58
Juuso Valimaki 0 0 0 0 4 1 0 4 0 5 0/0 25:37 1:11 5:35
Kevin Bahl 0 1 1 0 0 0 0 1 0 0 0/0 17:56 1:04 3:44
Kody Clark 0 0 0 -1 0 3 0 0 0 0 1/5 14:35 0:00 0:00
Leon Gawanke 0 0 0 -2 0 0 1 0 0 0 0/0 9:43 0:00 0:45
Luke Evangelista 0 0 0 -1 0 0 0 0 0 0 1/2 2:34 0:13 0:00
Marcus Pettersson 0 0 0 0 0 1 2 3 1 1 0/0 27:08 1:11 7:09
Max Jones 0 0 0 0 0 2 0 0 0 0 1/2 15:29 0:09 3:31
Parker Kelly 0 1 1 -1 2 0 3 0 0 0 0/1 24:10 1:11 4:35
Philip Broberg 0 0 0 -2 2 1 0 0 0 0 0/0 9:01 0:04 0:00
Vladislav Kolyachonok 1 0 1 0 0 2 0 0 0 1 0/0 17:50 1:04 3:38
Will Cuylle 0 0 0 -1 0 0 0 1 0 0 0/0 16:37 0:51 0:22
3 Stars
1 - Evgeny Svechnikov (SCS)
2 - Tobias Bjornfot (SCS)
3 - Alexander Volkov (SCS)
Power Play
Santa Cruz Tiger Sharks - 1 on 8 Attempt(s) - 12.50%
Cape Breton Oilers - 2 on 2 Attempt(s) - 100.00%
Penalty Kill
Santa Cruz Tiger Sharks - 0 on 2 Attempt(s) - 0.00%
- Score 0 goal in Penalty Kill
Cape Breton Oilers - 7 on 8 Attempt(s) - 87.50%
- Score 0 goal in Penalty Kill
Team Stat
Santa Cruz Tiger Sharks - Hits : 30 - Faceoff Wins : 38 - Blocked Shots : 6 - Penalty Minutes : 6
Cape Breton Oilers - Hits : 18 - Faceoff Wins : 18 - Blocked Shots : 11 - Penalty Minutes : 14
Official
Referees : Justin StPierre and Evgeny Romasko
Linesman : Brandon Gawryletz and Mike Cvik
Game Notes
10:53 of 3rd period - Penalty Shot by Hudson Fasching for Cape Breton Oilers - Shot Misses the Net
Santa Cruz Tiger Sharks
5 vs 5 Forward
Center Left Wing Right Wing Time % Phy DF OF
1 Jack Roslovic Travis Boyd Kailer Yamamoto 30 1 2 2
2 Michael McLeod Zach Sanford Jesper Boqvist 30 1 2 2
3 Kevin Rooney Kieffer Bellows Carter Rowney 25 1 2 2
4 David Gustafsson Evgeny Svechnikov Alexander Volkov 15 1 2 2
5 vs 5 Defense
Defense Defense Time % Phy DF OF
1 Austin Strand Sean Day 35 1 2 2
2 Calle Rosen Kristians Rubins 35 1 2 2
3 Hunter Drew Tobias Bjornfot 30 1 2 2
4 Austin Strand Sean Day 0 1 2 2
PowerPlay Forward
Center Left Wing Right Wing Time % Phy DF OF
1 Jack Roslovic Travis Boyd Kailer Yamamoto 50 1 2 2
2 Michael McLeod Zach Sanford Jesper Boqvist 50 1 2 2
PowerPlay Defense
Defense Defense Time % Phy DF OF
1 Austin Strand Sean Day 50 1 2 2
2 Calle Rosen Kristians Rubins 50 1 2 2
Penalty Kill 4 Players Forward
Center Wing Time % Phy DF OF
1 Jack Roslovic Kailer Yamamoto 50 1 2 2
2 Michael McLeod Travis Boyd 50 1 2 2
Penalty Kill 4 Players Defense
Defense Defense Time % Phy DF OF
1 Austin Strand Sean Day 50 1 2 2
2 Calle Rosen Kristians Rubins 50 1 2 2
Penalty Kill - 3 Players Forward
Forward Time % Phy DF OF
1 Jack Roslovic 50 1 2 2
2 Kailer Yamamoto 50 1 2 2
Penalty Kill - 3 Players Defense
Defense Defense Time % Phy DF OF
1 Austin Strand Sean Day 50 1 2 2
2 Calle Rosen Kristians Rubins 50 1 2 2
4 vs 4 Forward
Center Wing Time % Phy DF OF
1 Jack Roslovic Kailer Yamamoto 50 1 2 2
2 Michael McLeod Travis Boyd 50 1 2 2
4 vs 4 Defense
Defense Defense Time % Phy DF OF
1 Austin Strand Sean Day 50 1 2 2
2 Calle Rosen Kristians Rubins 50 1 2 2
Last Minutes Offensive
Center Left Wing Right Wing Defense Defense
Jack Roslovic Travis Boyd Kailer Yamamoto Austin Strand Sean Day
Last Minutes Defensive
Center Left Wing Right Wing Defense Defense
Jack Roslovic Travis Boyd Kailer Yamamoto Austin Strand Sean Day
Goaltenders
Starting : Carter Hart
Backup : Mikhail Berdin
Extra Forwards
Normal : Kevin Rooney, Carter Rowney, Alexander Volkov - PP : Kevin Rooney, Carter Rowney - PK : Alexander Volkov
Extra Defensemen
Normal : Hunter Drew, Austin Strand, Calle Rosen - PP : Hunter Drew - PK : Sean Day, Calle Rosen
Penalty Shots
Jack Roslovic, Kailer Yamamoto, Michael McLeod, Travis Boyd, Zach Sanford
Cape Breton Oilers
5 vs 5 Forward
Center Left Wing Right Wing Time % Phy DF OF
1 Jack McBain Carl Grundstrom Parker Kelly 40 1 2 2
2 Egor Afanasyev Will Cuylle Alexey Toropchenko 30 1 2 2
3 Kody Clark Max Jones Hudson Fasching 20 1 2 2
4 Jack McBain Parker Kelly Kody Clark 10 1 2 2
5 vs 5 Defense
Defense Defense Time % Phy DF OF
1 Marcus Pettersson Juuso Valimaki 40 1 2 2
2 Kevin Bahl Vladislav Kolyachonok 30 1 2 2
3 Philip Broberg Leon Gawanke 20 1 2 2
4 Dylan McIlrath J.D. Greenway 10 1 2 2
PowerPlay Forward
Center Left Wing Right Wing Time % Phy DF OF
1 Jack McBain Carl Grundstrom Parker Kelly 60 1 2 2
2 Egor Afanasyev Will Cuylle Alexey Toropchenko 40 1 2 2
PowerPlay Defense
Defense Defense Time % Phy DF OF
1 Marcus Pettersson Juuso Valimaki 60 1 2 2
2 Kevin Bahl Vladislav Kolyachonok 40 1 2 2
Penalty Kill 4 Players Forward
Center Wing Time % Phy DF OF
1 Jack McBain Parker Kelly 60 1 2 2
2 Carl Grundstrom Alexey Toropchenko 40 1 2 2
Penalty Kill 4 Players Defense
Defense Defense Time % Phy DF OF
1 Marcus Pettersson Juuso Valimaki 60 1 2 2
2 Kevin Bahl Vladislav Kolyachonok 40 1 2 2
Penalty Kill - 3 Players Forward
Forward Time % Phy DF OF
1 Jack McBain 60 1 2 2
2 Parker Kelly 40 1 2 2
Penalty Kill - 3 Players Defense
Defense Defense Time % Phy DF OF
1 Marcus Pettersson Juuso Valimaki 60 1 2 2
2 Kevin Bahl Vladislav Kolyachonok 40 1 2 2
4 vs 4 Forward
Center Wing Time % Phy DF OF
1 Jack McBain Parker Kelly 60 1 2 2
2 Carl Grundstrom Alexey Toropchenko 40 1 2 2
4 vs 4 Defense
Defense Defense Time % Phy DF OF
1 Marcus Pettersson Juuso Valimaki 60 1 2 2
2 Kevin Bahl Vladislav Kolyachonok 40 1 2 2
Last Minutes Offensive
Center Left Wing Right Wing Defense Defense
Jack McBain Carl Grundstrom Parker Kelly Marcus Pettersson Juuso Valimaki
Last Minutes Defensive
Center Left Wing Right Wing Defense Defense
Jack McBain Carl Grundstrom Parker Kelly Marcus Pettersson Juuso Valimaki
Goaltenders
Starting : Jack LaFontaine
Backup : Matthew Villalta
Extra Forwards
Normal : Luke Evangelista, Hudson Fasching, Max Jones - PP : Luke Evangelista, Hudson Fasching - PK : Max Jones
Extra Defensemen
Normal : Philip Broberg, Leon Gawanke, Dylan McIlrath - PP : Philip Broberg - PK : Leon Gawanke, Dylan McIlrath
Penalty Shots
Jack McBain, Parker Kelly, Carl Grundstrom, Alexey Toropchenko, Egor Afanasyev
% Time on Ice - Santa Cruz Tiger Sharks
Lines # - Real PCT - Wanted PCT - Time Play
Normal Forward
1 - 28% - 30% - 12:56
2 - 28% - 30% - 12:54
3 - 27% - 25% - 12:34
4 - 16% - 15% - 7:19
Normal Defense
1 - 35% - 35% - 16:06
2 - 36% - 35% - 16:22
3 - 29% - 30% - 13:15
4 - 0% - 0% - 0:00
PP Forward
1 - 51% - 50% - 5:28
2 - 49% - 50% - 5:19
PP Defense
1 - 53% - 50% - 5:42
2 - 47% - 50% - 5:05
PK Forward
1 - 53% - 50% - 1:12
2 - 47% - 50% - 1:03
PK Defense
1 - 50% - 50% - 1:08
2 - 50% - 50% - 1:07
PK3 Forward
1 - 0% - 50%
2 - 0% - 50%
PK3 Defense
1 - 0% - 50%
2 - 0% - 50%
44 Forward
1 - 47% - 50% - 0:34
2 - 53% - 50% - 0:39
44 Defense
1 - 60% - 50% - 0:44
2 - 40% - 50% - 0:29
Last Minute Offensive - 0:00
Last Minute Defensive - 0:02
Total
Forward - 60:00
Defense - 60:00
|
% Time on Ice - Cape Breton Oilers
Lines # - Real PCT - Wanted PCT - Time Play
Normal Forward
1 - 34% - 40% - 15:45
2 - 33% - 30% - 15:13
3 - 26% - 20% - 12:07
4 - 6% - 10% - 2:40
Normal Defense
1 - 39% - 40% - 17:54
2 - 28% - 30% - 12:49
3 - 20% - 20% - 8:58
4 - 13% - 10% - 6:04
PP Forward
1 - 62% - 60% - 1:24
2 - 38% - 40% - 0:51
PP Defense
1 - 53% - 60% - 1:11
2 - 47% - 40% - 1:04
PK Forward
1 - 79% - 60% - 8:29
2 - 21% - 40% - 2:18
PK Defense
1 - 66% - 60% - 7:09
2 - 34% - 40% - 3:38
PK3 Forward
1 - 0% - 60%
2 - 0% - 40%
PK3 Defense
1 - 0% - 60%
2 - 0% - 40%
44 Forward
1 - 85% - 60% - 1:02
2 - 15% - 40% - 0:11
44 Defense
1 - 74% - 60% - 0:54
2 - 26% - 40% - 0:19
Last Minute Offensive - 0:00
Last Minute Defensive - 0:00
Total
Forward - 60:00
Defense - 60:00
|
Play-by-Play
1st period
0:01 of 1st period - Jack Roslovic wins face-off versus Jack McBain in neutral zone.
0:12 of 1st period - Wrist shot by Jack Roslovic.
0:12 of 1st period - Shot Blocked by Juuso Valimaki.
0:43 of 1st period - Off-side.
0:44 of 1st period - Michael McLeod wins face-off versus Egor Afanasyev in neutral zone.
0:49 of 1st period - Wrist shot by Jesper Boqvist.
0:49 of 1st period - Stopped by Jack LaFontaine without a rebound.
0:50 of 1st period - Michael McLeod wins face-off versus Egor Afanasyev in Cape Breton Oilers zone.
2:48 of 1st period - Snap shot by Jack Roslovic.
2:48 of 1st period - Shot Misses the Net.
2:51 of 1st period - Icing by Dylan McIlrath.
2:52 of 1st period - Michael McLeod wins face-off versus Egor Afanasyev in Cape Breton Oilers zone.
3:23 of 1st period - Slapshot by Parker Kelly.
3:23 of 1st period - Shot Misses the Net.
3:45 of 1st period - Slapshot by Hudson Fasching.
3:45 of 1st period - Shot Blocked by Kristians Rubins.
4:13 of 1st period - Kevin Bahl is hit by Alexander Volkov.
4:28 of 1st period - Jack McBain is hit by Kieffer Bellows and loses puck.
4:45 of 1st period - Juuso Valimaki is hit by Kailer Yamamoto and loses puck.
5:09 of 1st period - Minor Penalty to Michael McLeod for Roughing.
5:10 of 1st period - Jack McBain wins face-off versus Jack Roslovic in Santa Cruz Tiger Sharks zone.
5:21 of 1st period - Wrist shot by Jack McBain.
5:21 of 1st period - Goal by Jack McBain - Santa Cruz Tiger Sharks : 0 - Cape Breton Oilers : 1.
5:22 of 1st period - Kevin Rooney wins face-off versus Jack McBain in neutral zone.
5:27 of 1st period - Wrist shot by Kieffer Bellows.
5:27 of 1st period - Stopped by Jack LaFontaine with a rebound.
5:29 of 1st period - Slapshot by Calle Rosen.
5:29 of 1st period - Stopped by Jack LaFontaine with a rebound.
5:31 of 1st period - Wrist shot by Kristians Rubins.
5:31 of 1st period - Shot Misses the Net.
5:33 of 1st period - Snap shot by Kevin Rooney.
5:33 of 1st period - Shot Blocked by Marcus Pettersson.
5:35 of 1st period - Slapshot by Calle Rosen.
5:35 of 1st period - Shot Blocked by Jack McBain.
5:37 of 1st period - Wrist shot by Carter Rowney.
5:37 of 1st period - Stopped by Jack LaFontaine with a rebound.
5:43 of 1st period - Minor Penalty to Juuso Valimaki for High sticking.
5:44 of 1st period - Jack McBain wins face-off versus Jack Roslovic in Cape Breton Oilers zone.
5:49 of 1st period - Kailer Yamamoto is hit by Parker Kelly and loses puck.
6:35 of 1st period - Snap shot by Travis Boyd.
6:35 of 1st period - Shot Misses the Net.
6:57 of 1st period - Snap shot by Carl Grundstrom.
6:57 of 1st period - Stopped by Carter Hart with a rebound.
7:27 of 1st period - Marcus Pettersson is hit by Jesper Boqvist and loses puck.
7:43 of 1st period - Penalty to Juuso Valimaki is over, Juuso Valimaki is back on ice.
7:50 of 1st period - Egor Afanasyev is hit by Carter Rowney and loses puck.
10:55 of 1st period - J.D. Greenway is hit by Austin Strand and loses puck.
11:11 of 1st period - Icing by Dylan McIlrath.
11:12 of 1st period - Jack Roslovic wins face-off versus Jack McBain in Cape Breton Oilers zone.
11:30 of 1st period - Wrist shot by Jesper Boqvist.
11:30 of 1st period - Stopped by Jack LaFontaine with a rebound.
11:32 of 1st period - Wrist shot by Zach Sanford.
11:32 of 1st period - Shot Blocked by Juuso Valimaki.
12:04 of 1st period - Snap shot by Hudson Fasching.
12:04 of 1st period - Stopped by Carter Hart with a rebound.
12:06 of 1st period - Slapshot by Marcus Pettersson.
12:06 of 1st period - Stopped by Carter Hart without a rebound.
12:06 of 1st period - Minor Penalty to Carter Hart for Delaying the game.
12:07 of 1st period - Michael McLeod wins face-off versus Jack McBain in Santa Cruz Tiger Sharks zone.
14:04 of 1st period - Icing by Hudson Fasching.
14:05 of 1st period - Alexander Volkov wins face-off versus Luke Evangelista in Cape Breton Oilers zone.
14:06 of 1st period - Penalty to Kieffer Bellows is over, Kieffer Bellows is back on ice.
14:19 of 1st period - Kieffer Bellows is hit by Hudson Fasching and loses puck.
15:03 of 1st period - Hudson Fasching is hit by Jack Roslovic and loses puck.
15:45 of 1st period - David Gustafsson is hit by Carl Grundstrom and loses puck.
16:33 of 1st period - Wrist shot by Kieffer Bellows.
16:33 of 1st period - Stopped by Jack LaFontaine with a rebound.
16:35 of 1st period - Snap shot by Kieffer Bellows.
16:35 of 1st period - Shot Misses the Net.
16:37 of 1st period - Slapshot by Tobias Bjornfot.
16:37 of 1st period - Stopped by Jack LaFontaine without a rebound.
16:38 of 1st period - Jack McBain wins face-off versus Kevin Rooney in Cape Breton Oilers zone.
17:15 of 1st period - Snap shot by Zach Sanford.
17:15 of 1st period - Deflect By Jesper Boqvist.
17:15 of 1st period - Shot Misses the Net.
17:15 of 1st period - Puck is out of play.
17:16 of 1st period - Jack McBain wins face-off versus Jack Roslovic in Cape Breton Oilers zone.
17:21 of 1st period - Parker Kelly is hit by Jack Roslovic and loses puck.
17:57 of 1st period - Wrist shot by Kieffer Bellows.
17:57 of 1st period - Stopped by Jack LaFontaine without a rebound.
17:58 of 1st period - Kevin Rooney wins face-off versus Kody Clark in Cape Breton Oilers zone.
18:05 of 1st period - Snap shot by Kody Clark.
18:05 of 1st period - Shot Blocked by Austin Strand.
18:20 of 1st period - Snap shot by Kieffer Bellows.
18:20 of 1st period - Shot Misses the Net.
18:28 of 1st period - Snap shot by Hudson Fasching.
18:28 of 1st period - Stopped by Carter Hart with a rebound.
18:42 of 1st period - Wrist shot by Hudson Fasching.
18:42 of 1st period - Stopped by Carter Hart with a rebound.
18:44 of 1st period - Wrist shot by Max Jones.
18:44 of 1st period - Stopped by Carter Hart with a rebound.
18:48 of 1st period - Snap shot by Hudson Fasching.
18:48 of 1st period - Deflect By Kody Clark.
18:48 of 1st period - Stopped by Carter Hart with a rebound.
18:50 of 1st period - Slapshot by Philip Broberg.
18:50 of 1st period - Shot Misses the Net.
18:52 of 1st period - Wrist shot by Hudson Fasching.
18:52 of 1st period - Stopped by Carter Hart without a rebound.
18:53 of 1st period - Jack McBain wins face-off versus Jack Roslovic in Santa Cruz Tiger Sharks zone.
19:23 of 1st period - Slapshot by Zach Sanford.
19:23 of 1st period - Shot Misses the Net.
19:30 of 1st period - Icing by Vladislav Kolyachonok.
19:31 of 1st period - Jack Roslovic wins face-off versus Egor Afanasyev in Cape Breton Oilers zone.
19:36 of 1st period - Wrist shot by Kailer Yamamoto.
19:36 of 1st period - Stopped by Jack LaFontaine without a rebound.
19:37 of 1st period - Jack McBain wins face-off versus Jack Roslovic in Cape Breton Oilers zone.
19:37 of 1st period - Jack McBain is hit by Jack Roslovic.
19:40 of 1st period - Minor Penalty to Carl Grundstrom for Tripping.
19:41 of 1st period - Jack McBain wins face-off versus Michael McLeod in Cape Breton Oilers zone.
19:41 of 1st period - Jack McBain is hit by Kristians Rubins.
19:56 of 1st period - Snap shot by Zach Sanford.
19:56 of 1st period - Stopped by Jack LaFontaine without a rebound.
19:57 of 1st period - Jack Roslovic wins face-off versus Jack McBain in Cape Breton Oilers zone.
Goals for this period are 0 for Santa Cruz Tiger Sharks vs 1 for Cape Breton Oilers.
Shots for this period are 10 for Santa Cruz Tiger Sharks vs 9 for Cape Breton Oilers.
2nd period
0:01 of 2nd period - Jack McBain wins face-off versus Jack Roslovic in neutral zone.
0:04 of 2nd period - Jack Roslovic is hit by Marcus Pettersson and loses puck.
0:15 of 2nd period - Wrist shot by Jack Roslovic.
0:15 of 2nd period - Shot Blocked by Marcus Pettersson.
0:59 of 2nd period - Marcus Pettersson is hit by Travis Boyd and loses puck.
1:40 of 2nd period - Penalty to Carl Grundstrom is over, Carl Grundstrom is back on ice.
1:45 of 2nd period - Kevin Bahl is hit by Kieffer Bellows and loses puck.
1:50 of 2nd period - Snap shot by Carter Rowney.
1:50 of 2nd period - Deflect By Kevin Rooney.
1:50 of 2nd period - Shot Misses the Net.
1:50 of 2nd period - Puck is out of play.
1:51 of 2nd period - Kody Clark wins face-off versus Kevin Rooney in Cape Breton Oilers zone.
2:00 of 2nd period - Wrist shot by Kody Clark.
2:00 of 2nd period - Deflect By Hudson Fasching.
2:00 of 2nd period - Shot Misses the Net.
2:00 of 2nd period - Puck is out of play.
2:01 of 2nd period - Kevin Rooney wins face-off versus Kody Clark in Santa Cruz Tiger Sharks zone.
2:31 of 2nd period - Snap shot by Jack McBain.
2:31 of 2nd period - Shot Misses the Net.
2:33 of 2nd period - Snap shot by Jack McBain.
2:33 of 2nd period - Shot Misses the Net.
2:35 of 2nd period - Slapshot by Philip Broberg.
2:35 of 2nd period - Stopped by Carter Hart with a rebound.
2:42 of 2nd period - Icing by Kieffer Bellows.
2:43 of 2nd period - Jack Roslovic wins face-off versus Egor Afanasyev in Santa Cruz Tiger Sharks zone.
2:48 of 2nd period - Kailer Yamamoto is hit by Egor Afanasyev.
3:28 of 2nd period - Juuso Valimaki is hit by David Gustafsson and loses puck.
4:08 of 2nd period - Snap shot by Kieffer Bellows.
4:08 of 2nd period - Stopped by Jack LaFontaine with a rebound.
4:10 of 2nd period - Slapshot by Tobias Bjornfot.
4:10 of 2nd period - Shot Misses the Net.
4:12 of 2nd period - Wrist shot by Kieffer Bellows.
4:12 of 2nd period - Stopped by Jack LaFontaine with a rebound.
4:14 of 2nd period - Wrist shot by Carter Rowney.
4:14 of 2nd period - Shot Blocked by Juuso Valimaki.
4:35 of 2nd period - Slapshot by Alexey Toropchenko.
4:35 of 2nd period - Shot Misses the Net.
4:53 of 2nd period - Wrist shot by Kailer Yamamoto.
4:53 of 2nd period - Stopped by Jack LaFontaine with a rebound.
5:33 of 2nd period - Egor Afanasyev is hit by Kristians Rubins and loses puck.
5:58 of 2nd period - Snap shot by Jack Roslovic.
5:58 of 2nd period - Stopped by Jack LaFontaine with a rebound.
6:19 of 2nd period - Carl Grundstrom is hit by David Gustafsson and loses puck.
6:28 of 2nd period - Alexander Volkov is hit by Carl Grundstrom and loses puck.
6:50 of 2nd period - Michael McLeod is hit by Carl Grundstrom and loses puck.
6:55 of 2nd period - Snap shot by Carl Grundstrom.
6:55 of 2nd period - Stopped by Carter Hart without a rebound.
6:56 of 2nd period - Jack Roslovic wins face-off versus Egor Afanasyev in Santa Cruz Tiger Sharks zone.
6:56 of 2nd period - Jack Roslovic is hit by Leon Gawanke.
7:08 of 2nd period - Wrist shot by Kailer Yamamoto.
7:08 of 2nd period - Stopped by Jack LaFontaine without a rebound.
7:09 of 2nd period - Egor Afanasyev wins face-off versus Michael McLeod in Cape Breton Oilers zone.
7:20 of 2nd period - Snap shot by Alexey Toropchenko.
7:20 of 2nd period - Shot Blocked by Michael McLeod.
7:22 of 2nd period - Slapshot by Kevin Bahl.
7:22 of 2nd period - Deflect By Alexey Toropchenko.
7:22 of 2nd period - Shot Misses the Net.
7:22 of 2nd period - Puck is out of play.
7:23 of 2nd period - Egor Afanasyev wins face-off versus Jack Roslovic in Santa Cruz Tiger Sharks zone.
7:30 of 2nd period - Wrist shot by Alexey Toropchenko.
7:30 of 2nd period - Stopped by Carter Hart with a rebound.
7:32 of 2nd period - Snap shot by Juuso Valimaki.
7:32 of 2nd period - Shot Misses the Net.
7:34 of 2nd period - Snap shot by Alexey Toropchenko.
7:34 of 2nd period - Stopped by Carter Hart with a rebound.
7:36 of 2nd period - Wrist shot by Alexey Toropchenko.
7:36 of 2nd period - Shot Misses the Net.
7:54 of 2nd period - Wrist shot by Michael McLeod.
7:54 of 2nd period - Shot Blocked by Hudson Fasching.
8:06 of 2nd period - Wrist shot by Zach Sanford.
8:06 of 2nd period - Shot Misses the Net.
8:08 of 2nd period - Slapshot by Sean Day.
8:08 of 2nd period - Shot Blocked by Will Cuylle.
8:10 of 2nd period - Snap shot by Kieffer Bellows.
8:10 of 2nd period - Stopped by Jack LaFontaine with a rebound.
8:19 of 2nd period - Minor Penalty to Egor Afanasyev for Holding.
8:20 of 2nd period - Jack Roslovic wins face-off versus Jack McBain in Cape Breton Oilers zone.
8:20 of 2nd period - Wrist shot by Travis Boyd.
8:20 of 2nd period - Shot Misses the Net.
8:22 of 2nd period - Wrist shot by Jack Roslovic.
8:22 of 2nd period - Stopped by Jack LaFontaine with a rebound.
8:26 of 2nd period - Wrist shot by Jack Roslovic.
8:26 of 2nd period - Shot Misses the Net.
8:28 of 2nd period - Slapshot by Calle Rosen.
8:28 of 2nd period - Shot Hit the Post.
8:30 of 2nd period - Snap shot by Travis Boyd.
8:30 of 2nd period - Shot Blocked by Juuso Valimaki.
8:32 of 2nd period - Snap shot by Calle Rosen.
8:32 of 2nd period - Stopped by Jack LaFontaine with a rebound.
8:34 of 2nd period - Snap shot by Calle Rosen.
8:34 of 2nd period - Stopped by Jack LaFontaine with a rebound.
8:36 of 2nd period - Slapshot by Calle Rosen.
8:36 of 2nd period - Stopped by Jack LaFontaine with a rebound.
10:19 of 2nd period - Penalty to Egor Afanasyev is over, Egor Afanasyev is back on ice.
10:47 of 2nd period - Tobias Bjornfot is hit by Egor Afanasyev and loses puck.
12:43 of 2nd period - Slapshot by Zach Sanford.
12:43 of 2nd period - Stopped by Jack LaFontaine with a rebound.
12:45 of 2nd period - Slapshot by Sean Day.
12:45 of 2nd period - Shot Blocked by Marcus Pettersson.
12:55 of 2nd period - Will Cuylle is hit by Evgeny Svechnikov and loses puck.
13:25 of 2nd period - Icing by Jack McBain.
13:26 of 2nd period - Jack Roslovic wins face-off versus Kody Clark in Cape Breton Oilers zone.
13:27 of 2nd period - Snap shot by Kailer Yamamoto.
13:27 of 2nd period - Stopped by Jack LaFontaine with a rebound.
13:37 of 2nd period - Slapshot by Travis Boyd.
13:37 of 2nd period - Stopped by Jack LaFontaine with a rebound.
13:48 of 2nd period - Will Cuylle is hit by Kristians Rubins and loses puck.
13:55 of 2nd period - Kevin Bahl is hit by Kailer Yamamoto.
14:03 of 2nd period - Snap shot by Alexey Toropchenko.
14:03 of 2nd period - Stopped by Carter Hart without a rebound.
14:04 of 2nd period - Michael McLeod wins face-off versus Jack McBain in Santa Cruz Tiger Sharks zone.
14:23 of 2nd period - Michael McLeod is hit by Parker Kelly and loses puck.
14:44 of 2nd period - Wrist shot by Kevin Rooney.
14:44 of 2nd period - Stopped by Jack LaFontaine without a rebound.
14:45 of 2nd period - Jack Roslovic wins face-off versus Parker Kelly in Cape Breton Oilers zone.
14:46 of 2nd period - Snap shot by Kailer Yamamoto.
14:46 of 2nd period - Shot Misses the Net.
14:48 of 2nd period - Snap shot by Jack Roslovic.
14:48 of 2nd period - Shot Misses the Net.
14:50 of 2nd period - Slapshot by Calle Rosen.
14:50 of 2nd period - Stopped by Jack LaFontaine with a rebound.
14:52 of 2nd period - Snap shot by Travis Boyd.
14:52 of 2nd period - Shot Misses the Net.
14:54 of 2nd period - Snap shot by Travis Boyd.
14:54 of 2nd period - Stopped by Jack LaFontaine without a rebound.
14:55 of 2nd period - Jack McBain wins face-off versus Jack Roslovic in Cape Breton Oilers zone.
14:55 of 2nd period - Jack McBain is hit by Travis Boyd.
15:45 of 2nd period - Snap shot by Jack Roslovic.
15:45 of 2nd period - Shot Misses the Net.
15:47 of 2nd period - Slapshot by Calle Rosen.
15:47 of 2nd period - Stopped by Jack LaFontaine with a rebound.
15:49 of 2nd period - Slapshot by Calle Rosen.
15:49 of 2nd period - Deflect By Jack Roslovic.
15:49 of 2nd period - Stopped by Jack LaFontaine without a rebound.
15:50 of 2nd period - Michael McLeod wins face-off versus Egor Afanasyev in Cape Breton Oilers zone.
16:01 of 2nd period - Jesper Boqvist is hit by Marcus Pettersson and loses puck.
17:41 of 2nd period - Jack McBain is hit by Hunter Drew and loses puck.
18:46 of 2nd period - Snap shot by Jesper Boqvist.
18:46 of 2nd period - Stopped by Jack LaFontaine without a rebound.
18:47 of 2nd period - Michael McLeod wins face-off versus Kody Clark in Cape Breton Oilers zone.
19:10 of 2nd period - Marcus Pettersson is hit by Jack Roslovic and loses puck.
19:35 of 2nd period - Wrist shot by Evgeny Svechnikov.
19:35 of 2nd period - Stopped by Jack LaFontaine with a rebound.
Goals for this period are 0 for Santa Cruz Tiger Sharks vs 0 for Cape Breton Oilers.
Shots for this period are 20 for Santa Cruz Tiger Sharks vs 5 for Cape Breton Oilers.
3rd period
0:01 of 3rd period - Jack McBain wins face-off versus Michael McLeod in neutral zone.
0:13 of 3rd period - Wrist shot by Jack McBain.
0:13 of 3rd period - Shot Blocked by Michael McLeod.
0:15 of 3rd period - Slapshot by Carl Grundstrom.
0:15 of 3rd period - Deflect By Jack McBain.
0:15 of 3rd period - Shot Hit the Post.
0:15 of 3rd period - Puck is out of play.
0:16 of 3rd period - Jack Roslovic wins face-off versus Egor Afanasyev in Santa Cruz Tiger Sharks zone.
0:48 of 3rd period - Snap shot by Jack McBain.
0:48 of 3rd period - Shot Blocked by Michael McLeod.
0:50 of 3rd period - Slapshot by Parker Kelly.
0:50 of 3rd period - Shot Misses the Net.
1:11 of 3rd period - Kody Clark is hit by Kristians Rubins and loses puck.
1:24 of 3rd period - Kristians Rubins is hit by Egor Afanasyev and loses puck.
2:33 of 3rd period - Snap shot by Evgeny Svechnikov.
2:33 of 3rd period - Shot Misses the Net.
2:35 of 3rd period - Slapshot by Tobias Bjornfot.
2:35 of 3rd period - Goal by Tobias Bjornfot - Santa Cruz Tiger Sharks : 1 - Cape Breton Oilers : 1.
2:36 of 3rd period - Jack McBain wins face-off versus Michael McLeod in neutral zone.
2:51 of 3rd period - Slapshot by Carl Grundstrom.
2:51 of 3rd period - Stopped by Carter Hart with a rebound.
3:01 of 3rd period - Max Jones is hit by Kristians Rubins and loses puck.
3:29 of 3rd period - Wrist shot by Carter Rowney.
3:29 of 3rd period - Stopped by Jack LaFontaine without a rebound.
3:30 of 3rd period - Michael McLeod wins face-off versus Jack McBain in Cape Breton Oilers zone.
4:19 of 3rd period - Juuso Valimaki is hit by Tobias Bjornfot and loses puck.
4:36 of 3rd period - Snap shot by Egor Afanasyev.
4:36 of 3rd period - Deflect By Alexey Toropchenko.
4:36 of 3rd period - Shot Blocked by Alexander Volkov.
4:36 of 3rd period - Puck is out of play.
4:37 of 3rd period - Michael McLeod wins face-off versus Jack McBain in Santa Cruz Tiger Sharks zone.
5:39 of 3rd period - Wrist shot by Hudson Fasching.
5:39 of 3rd period - Deflect By Kody Clark.
5:39 of 3rd period - Stopped by Carter Hart without a rebound.
5:40 of 3rd period - Michael McLeod wins face-off versus Egor Afanasyev in Santa Cruz Tiger Sharks zone.
5:43 of 3rd period - Snap shot by Alexey Toropchenko.
5:43 of 3rd period - Stopped by Carter Hart with a rebound.
5:45 of 3rd period - Slapshot by Marcus Pettersson.
5:45 of 3rd period - Shot Misses the Net.
5:47 of 3rd period - Snap shot by Will Cuylle.
5:47 of 3rd period - Deflect By Alexey Toropchenko.
5:47 of 3rd period - Shot Misses the Net.
5:47 of 3rd period - Puck is out of play.
5:48 of 3rd period - Michael McLeod wins face-off versus Egor Afanasyev in Santa Cruz Tiger Sharks zone.
6:19 of 3rd period - Slapshot by Juuso Valimaki.
6:19 of 3rd period - Shot Misses the Net.
6:21 of 3rd period - Snap shot by Juuso Valimaki.
6:21 of 3rd period - Shot Misses the Net.
6:23 of 3rd period - Wrist shot by Egor Afanasyev.
6:23 of 3rd period - Shot Misses the Net.
6:34 of 3rd period - Off-side.
6:35 of 3rd period - Travis Boyd wins face-off versus Jack McBain in neutral zone.
6:35 of 3rd period - Travis Boyd is hit by Jack McBain.
6:47 of 3rd period - Wrist shot by Jack Roslovic.
6:47 of 3rd period - Stopped by Jack LaFontaine without a rebound.
6:48 of 3rd period - Michael McLeod wins face-off versus Jack McBain in Cape Breton Oilers zone.
6:51 of 3rd period - Snap shot by Jesper Boqvist.
6:51 of 3rd period - Shot Misses the Net.
6:53 of 3rd period - Minor Penalty to Parker Kelly for Roughing.
6:54 of 3rd period - Michael McLeod wins face-off versus Max Jones in Cape Breton Oilers zone.
7:10 of 3rd period - Off-side.
7:11 of 3rd period - Jack Roslovic wins face-off versus Jack McBain in neutral zone.
8:42 of 3rd period - Zach Sanford is hit by Jack McBain and loses puck.
8:53 of 3rd period - Penalty to Parker Kelly is over, Parker Kelly is back on ice.
9:21 of 3rd period - Slapshot by David Gustafsson.
9:21 of 3rd period - Stopped by Jack LaFontaine with a rebound.
9:23 of 3rd period - Snap shot by Evgeny Svechnikov.
9:23 of 3rd period - Goal by Evgeny Svechnikov - Santa Cruz Tiger Sharks : 2 - Cape Breton Oilers : 1.
9:24 of 3rd period - Michael McLeod wins face-off versus Jack McBain in neutral zone.
9:28 of 3rd period - Minor Penalty to Juuso Valimaki for Roughing.
9:29 of 3rd period - Michael McLeod wins face-off versus Jack McBain in Cape Breton Oilers zone.
9:34 of 3rd period - Snap shot by Zach Sanford.
9:34 of 3rd period - Goal by Zach Sanford - Santa Cruz Tiger Sharks : 3 - Cape Breton Oilers : 1.
9:35 of 3rd period - Jack Roslovic wins face-off versus Jack McBain in neutral zone.
9:35 of 3rd period - Jack Roslovic is hit by Carl Grundstrom.
9:51 of 3rd period - Wrist shot by Travis Boyd.
9:51 of 3rd period - Stopped by Jack LaFontaine with a rebound.
10:20 of 3rd period - Snap shot by Marcus Pettersson.
10:20 of 3rd period - Shot Misses the Net.
10:39 of 3rd period - Wrist shot by Jack Roslovic.
10:39 of 3rd period - Shot Misses the Net.
10:41 of 3rd period - Slapshot by Tobias Bjornfot.
10:41 of 3rd period - Deflect By Juuso Valimaki.
10:41 of 3rd period - Stopped by Jack LaFontaine with a rebound.
10:53 of 3rd period - Penalty Shot by Hudson Fasching for Cape Breton Oilers.
10:53 of 3rd period - Wrist shot by Hudson Fasching.
10:53 of 3rd period - Shot Misses the Net.
10:54 of 3rd period - Jack McBain wins face-off versus Jesper Boqvist in Cape Breton Oilers zone.
11:59 of 3rd period - Will Cuylle is hit by Alexander Volkov and loses puck.
12:06 of 3rd period - David Gustafsson is hit by J.D. Greenway and loses puck.
12:17 of 3rd period - J.D. Greenway is hit by Austin Strand and loses puck.
13:26 of 3rd period - Snap shot by Michael McLeod.
13:26 of 3rd period - Stopped by Jack LaFontaine without a rebound.
13:27 of 3rd period - Luke Evangelista wins face-off versus Michael McLeod in Cape Breton Oilers zone.
13:27 of 3rd period - Luke Evangelista is hit by Kristians Rubins.
13:33 of 3rd period - Snap shot by Hudson Fasching.
13:33 of 3rd period - Stopped by Carter Hart without a rebound.
13:34 of 3rd period - Jack Roslovic wins face-off versus Egor Afanasyev in Santa Cruz Tiger Sharks zone.
14:05 of 3rd period - Marcus Pettersson is hit by Calle Rosen and loses puck.
14:29 of 3rd period - Slapshot by Marcus Pettersson.
14:29 of 3rd period - Deflect By Hudson Fasching.
14:29 of 3rd period - Stopped by Carter Hart with a rebound.
14:31 of 3rd period - Wrist shot by Max Jones.
14:31 of 3rd period - Stopped by Carter Hart with a rebound.
14:33 of 3rd period - Slapshot by Max Jones.
14:33 of 3rd period - Deflect By Hudson Fasching.
14:33 of 3rd period - Stopped by Carter Hart with a rebound.
14:35 of 3rd period - Slapshot by Juuso Valimaki.
14:35 of 3rd period - Stopped by Carter Hart with a rebound.
14:37 of 3rd period - Slapshot by Hudson Fasching.
14:37 of 3rd period - Shot Misses the Net.
14:39 of 3rd period - Snap shot by Marcus Pettersson.
14:39 of 3rd period - Deflect By Kody Clark.
14:39 of 3rd period - Deflect By Kieffer Bellows.
14:39 of 3rd period - Stopped by Carter Hart without a rebound.
14:40 of 3rd period - Travis Boyd wins face-off versus Egor Afanasyev in Santa Cruz Tiger Sharks zone.
14:45 of 3rd period - Egor Afanasyev is hit by Hunter Drew and loses puck.
14:52 of 3rd period - Snap shot by Kailer Yamamoto.
14:52 of 3rd period - Stopped by Jack LaFontaine with a rebound.
15:06 of 3rd period - Zach Sanford is hit by Parker Kelly and loses puck.
15:13 of 3rd period - Slapshot by Tobias Bjornfot.
15:13 of 3rd period - Shot Blocked by Kevin Bahl.
15:15 of 3rd period - Slapshot by Sean Day.
15:15 of 3rd period - Stopped by Jack LaFontaine without a rebound.
15:16 of 3rd period - Kevin Rooney wins face-off versus Jack McBain in Cape Breton Oilers zone.
15:17 of 3rd period - Slapshot by Kieffer Bellows.
15:17 of 3rd period - Deflect By Kevin Rooney.
15:17 of 3rd period - Stopped by Jack LaFontaine with a rebound.
15:19 of 3rd period - Snap shot by Carter Rowney.
15:19 of 3rd period - Shot Misses the Net.
15:30 of 3rd period - Minor Penalty to Philip Broberg for Hooking.
15:31 of 3rd period - Jack McBain wins face-off versus Jack Roslovic in Cape Breton Oilers zone.
15:35 of 3rd period - Wrist shot by Jack McBain.
15:35 of 3rd period - Stopped by Carter Hart with a rebound.
15:57 of 3rd period - Sean Day is hit by Carl Grundstrom and loses puck.
16:16 of 3rd period - Minor Penalty to Michael McLeod for Unsportsmanlike conduct.
16:17 of 3rd period - Jack Roslovic wins face-off versus Jack McBain in Santa Cruz Tiger Sharks zone.
16:44 of 3rd period - Juuso Valimaki is hit by Kristians Rubins and loses puck.
17:10 of 3rd period - Icing by Austin Strand.
17:11 of 3rd period - Jack Roslovic wins face-off versus Jack McBain in Santa Cruz Tiger Sharks zone.
17:30 of 3rd period - Penalty to Philip Broberg is over, Philip Broberg is back on ice.
17:31 of 3rd period - Wrist shot by Vladislav Kolyachonok.
17:31 of 3rd period - Stopped by Carter Hart with a rebound.
17:33 of 3rd period - Slapshot by Vladislav Kolyachonok.
17:33 of 3rd period - Goal by Vladislav Kolyachonok - Santa Cruz Tiger Sharks : 3 - Cape Breton Oilers : 2.
17:34 of 3rd period - Kieffer Bellows wins face-off versus Jack McBain in neutral zone.
17:39 of 3rd period - Wrist shot by Kieffer Bellows.
17:39 of 3rd period - Stopped by Jack LaFontaine with a rebound.
17:41 of 3rd period - Wrist shot by Kevin Rooney.
17:41 of 3rd period - Shot Misses the Net.
17:43 of 3rd period - Snap shot by Kieffer Bellows.
17:43 of 3rd period - Stopped by Jack LaFontaine with a rebound.
17:45 of 3rd period - Snap shot by Kristians Rubins.
17:45 of 3rd period - Shot Misses the Net.
17:55 of 3rd period - Minor Penalty to Jack McBain for Hooking.
17:56 of 3rd period - Max Jones wins face-off versus Kailer Yamamoto in Cape Breton Oilers zone.
19:55 of 3rd period - Penalty to Jack McBain is over, Jack McBain is back on ice.
Goals for this period are 3 for Santa Cruz Tiger Sharks vs 1 for Cape Breton Oilers.
Shots for this period are 14 for Santa Cruz Tiger Sharks vs 12 for Cape Breton Oilers.
Back to the Top